 Dungeon Crawl Stone Soup version 0.19-a0-593-gf2cdb02 (webtiles) character file.

107 Rainbowgamer28 the Skirmisher (level 4, -2/45 HPs)
             Began as a Hill Orc Wanderer on June 10, 2016.
             Slain by a goblin (5 damage)
             ... led by Robin
             ... on level 3 of the Dungeon.
             The game lasted 00:10:35 (1735 turns).

Rainbowgamer28 the Skirmisher (Hill Orc Wanderer)   Turns: 1735, Time: 00:10:36

Health: -2/45      AC:  7    Str: 16    XL:     4   Next: 86%
Magic:  13/13      EV:  9    Int: 13    God:
Gold:   76         SH:  4    Dex:  8    Spells: 0 memorised, 3 levels left

rFire  . . .     SeeInvis .     c - +0 mace
rCold  . . .     Gourm    .     e - +0 scale mail
rNeg   . . .     Faith    .     (no shield)
rPois  .         Spirit   .     (no helmet)
rElec  .         Dismiss  .     j - +0 cloak
rCorr  .         Reflect  +     (no gloves)
SustAt .         Harm     .     (no boots)
MR     .....                    n - +4 amulet of reflection
Stlth  ..........               (no ring)
                                r - ring of magical power

@: about to teleport, not resistant to hostile enchantments, extremely
unstealthy
A: no striking features
a: no special abilities


You were on level 3 of the Dungeon.
You were not hungry.

You visited 1 branch of the dungeon, and saw 3 of its levels.

You collected 76 gold pieces.

Inventory:

Hand Weapons
 a - a +2 shortbow
 c - a +0 mace (weapon)
Missiles
 b - 83 arrows
Armour
 d - a +0 ring mail
 e - a +0 scale mail (worn)
 j - a +0 cloak (worn)
Jewellery
 n - a +4 amulet of reflection (around neck)
 r - a ring of magical power (left hand)
 v - an uncursed ring of resist corrosion {unknown}
Scrolls
 g - a scroll of teleportation
 k - a scroll of identify {unknown}
 o - a scroll of noise {unknown}
 q - a scroll of remove curse
 s - a scroll of fog {unknown}
 t - 2 scrolls of enchant weapon {unknown}
 u - a scroll of recharging {unknown}
 x - a scroll of amnesia {unknown}
Potions
 h - a potion of lignification {unknown}
 i - a potion of heal wounds
 l - a potion of magic {unknown}
 m - a potion of ambrosia {unknown}
Comestibles
 f - 4 bread rations
 p - a meat ration
 w - 6 chunks of flesh


   Skills:
 + Level 6.4 Fighting
 - Level 3.6 Bows
 - Level 1.7 Throwing
 - Level 1.1 Armour


You had 3 spell levels left.
You didn't know any spells.

Dungeon Overview and Level Annotations

Branches:
Dungeon (3/15)

Altars:

Annotations:
D:3 Grinder


Message History

The goblin goes into a battle-frenzy!
Robin hits you but does no damage.
You sock Robin!
You kill Robin!
The goblin hits you. The goblin hits you but does no damage.
You barely miss the goblin. Grinder gestures at you.
Pain shoots through your body!
* * * LOW HITPOINT WARNING * * *
The goblin hits you.
* * * LOW HITPOINT WARNING * * *
Grinder gestures at you. You resist with significant effort.
As you read the scroll labeled JIOTINO URIVEMECW, it crumbles to dust.
You feel blessed for a moment.
It was a scroll of remove curse.
You block the goblin's attack.
As you read the scroll labeled WIPTIV SUNERASH, it crumbles to dust.
You feel strangely unstable.
It was a scroll of teleportation.
The goblin hits you.
You die...

...$............###
..................
................#
................#
................#
........<......##
...............#
#.######......5###
.. #####.......)@#
.# #...##.#..####g#
.. #...#.......##...
..
#.....#.#b...#####
g. #.....#.#g......#
.g##...#....g......#
...................#
#..........(........
.........>..........


You could see Grinder and a goblin.

Vanquished Creatures
  Robin (D:3)
  2 gnolls
  3 adders
  An ooze (D:2)
  A worm (D:2)
  2 dart slugs
  A giant cockroach (D:1)
  10 goblins
  7 hobgoblins
  2 kobolds (D:1)
  A quokka (D:2)
  A ball python (D:3)
  4 bats
  7 rats
43 creatures vanquished.

Notes
Turn   | Place    | Note
--------------------------------------------------------------
     0 | D:1      | Rainbowgamer28 the Hill Orc Wanderer began the quest for the Orb.
     0 | D:1      | Rainbowgamer28 set off with: a +2 shortbow, 24 arrows, a +0 mace, a +0 ring mail, a bread ration
     0 | D:1      | Reached XP level 1. HP: 19/19 MP: 1/1
   233 | D:1      | Reached skill level 4 in Fighting
   410 | D:1      | Reached XP level 2. HP: 27/27 MP: 2/2
   526 | D:1      | Reached XP level 3. HP: 22/35 MP: 3/3
   793 | D:1      | Reached skill level 5 in Fighting
  1303 | D:2      | Reached XP level 4. HP: 41/44 MP: 4/4
  1412 | D:3      | HP: 2/44 [gnoll/club (5)]
  1419 | D:3      | Reached skill level 6 in Fighting
  1703 | D:3      | Noticed Robin
  1726 | D:3      | Noticed Grinder
  1732 | D:3      | Killed Robin
  1733 | D:3      | HP: 2/45 [goblin[Robin] (3)]
  1735 | D:3      | Slain by a goblin

Vault maps used:
D:1:      lemuel_arrival_muddy, grunt_decor_one_mirror
D:2:      kennysheep_generic_room_15
D:3:      marbit_many_paths, first_bread, uniq_grinder, uniq_robin

Skill      XL: |  1  2  3  4 |
---------------+-------------+-----
Fighting       | 4 5 6 |  6.4
Bows           | |  3.6
Throwing       | |  1.7
Armour         | |  1.1

Action                   |  1- 3 |  4- 6 || total
-------------------------+-------+-------++-------
Melee: Mace              |   107 |    91 ||   198
  Use: Scroll            |       |     2 ||     2
       Potion            |       |     1 ||     1
  Eat: Chunk             |     1 |     2 ||     3
Armor: Scale mail        |    56 |    83 ||   139
Dodge: Dodged            |    52 |    84 ||   136
Block: Other             |    13 |    40 ||    53
